 Dungeon Crawl Stone Soup version 0.21-a0-538-gd16b88a (webtiles) character file.

10958 Lavandula the Carver (level 11, -2/80 HPs)
             Began as a Mummy Chaos Knight on Dec 16, 2017.
             Slain by a meliai
             ... wielding a +0 war axe
              (12 damage)
             ... on level 10 of the Dungeon.
             The game lasted 00:36:48 (12531 turns).

Lavandula the Carver (Mummy Chaos Knight)          Turns: 12531, Time: 00:36:49

Health: -2/80      AC: 13    Str: 15    XL:     11   Next: 43%
Magic:  3/6        EV: 13    Int: 26    God:    Xom [..*...]
Gold:   1365       SH:  0    Dex: 14    Spells: 6/22 levels left

rFire    x . .     SeeInvis .   E - +6 triple sword "Lyamev" {antimagic, *Noise +Inv Int+9}
rCold    + . .     Gourm    .   (shield currently unavailable)
rNeg     + + +     Faith    .   b - +3 leather armour
rPois    ∞         Spirit   .   (no helmet)
rElec    .         Reflect  .   B - +0 cloak
rCorr    .         Harm     +   (no gloves)
MR       +....                  s - +1 pair of boots
Stlth    +.........             l - amulet of harm
HPRegen  0.23/turn              c - +4 ring of protection
MPRegen  0.10/turn              d - +4 ring of intelligence

@: about to teleport
A: no food or potions, fire vulnerability, cold resistance 1, negative energy
resistance 3, torment resistance, unbreathing
a: Renounce Religion, Evoke Invisibility


You were on level 10 of the Dungeon.
You worshipped Xom.
You were a toy of Xom.
You were not hungry.

You visited 1 branch of the dungeon, and saw 10 of its levels.

You collected 1365 gold pieces.

Inventory:

Hand Weapons
 a - a +1 falchion of chaos
 v - a +3 lajatang
 x - a +0 blowgun
 C - a +2 dagger of freezing
 E - the +6 triple sword "Lyamev" (weapon) {antimagic, *Noise +Inv Int+9}
   (You acquired it on level 9 of the Dungeon)

   It reduces the magical energy of the wielder, and disrupts the spells and
   magical abilities of those hit.
   Natural abilities and divine invocations are not affected.
   It affects your intelligence (+9).
   It lets you turn invisible.
   It may make noises in combat.
Missiles
 k - 9 tomahawks (quivered)
 t - 2 throwing nets
Armour
 b - a +3 leather armour (worn)
 m - a +0 leather armour of magic resistance
 s - a +1 pair of boots (worn)
 z - a +0 buckler
 B - a +0 cloak (worn)
Jewellery
 c - a +4 ring of protection (left hand)
 d - a +4 ring of intelligence (right hand)
 j - an uncursed ring of protection from cold
 l - an amulet of harm (around neck)
Wands
 i - a wand of enslavement (2)
 n - a wand of polymorph (24)
 w - a wand of clouds (6)
 A - a wand of digging (13)
 G - a wand of flame (28)
Scrolls
 g - 2 scrolls of immolation
 h - a scroll of blinking
 o - 3 scrolls of amnesia
 q - 2 scrolls of magic mapping
 u - a scroll of identify
 D - a scroll of fog
 F - a scroll of vulnerability
 H - a scroll of enchant weapon
Books
 f - a book of Minor Magic

   Spells                             Type                      Level
   a - Magic Dart                     Conjuration                  1
   b - Blink                          Translocation                2
   c - Call Imp                       Summoning                    2
   d - Slow                           Hexes                        2
   e - Conjure Flame                  Conjuration/Fire             3
   f - Mephitic Cloud                 Conjuration/Poison/Air       3
 p - a book of Battle

   Spells                             Type                      Level
   a - Infusion                       Charms                       1
   b - Shroud of Golubria             Charms/Translocation         2
   c - Song of Slaying                Charms                       2
   d - Spectral Weapon                Hexes/Charms                 3
   e - Regeneration                   Charms/Necromancy            3
Miscellaneous
 r - a fan of gales


   Skills:
 - Level 5.3 Fighting
 - Level 11.7 Long Blades
 - Level 1.5 Armour
 + Level 3.2 Dodging
 - Level 6.1 Spellcasting
 - Level 4.1 Conjurations
 - Level 2.0 Hexes
 - Level 3.0 Charms
 - Level 3.3 Summonings
 - Level 2.5 Translocations


You had 6 spell levels left.
You knew the following spells:

 Your Spells              Type           Power        Failure   Level  Hunger
a - Blink                 Tloc           N/A          4%          2    N/A
b - Call Imp              Summ           ####....     3%          2    N/A
c - Infusion              Chrm           ###.         2%          1    N/A
d - Shroud of Golubria    Chrm/Tloc      ###.......   4%          2    N/A
e - Spectral Weapon       Hex/Chrm       ###.....     9%          3    N/A
f - Conjure Flame         Conj/Fire      ###.....     11%         3    N/A
g - Mephitic Cloud        Conj/Pois/Air  ###.....     14%         3    N/A

Dungeon Overview and Level Annotations

Branches:
Dungeon (10/15)            Temple (0/1) D:7
   Lair: D:8-11         Orc: D:9-12

Altars:
Ashenzari
Cheibriados
Dithmenos
Elyvilon
Fedhas
Hepliaklqana
Makhleb
Okawaru
Qazlal
Ru
Trog
Uskayaw
Vehumet
Xom
The Shining One


Innate Abilities, Weirdness & Mutations

You do not eat or drink.
Your flesh is vulnerable to fire.
You are immune to poison.
Your flesh is cold resistant. (rC+)
You are immune to negative energy. (rN+++)
You are immune to unholy pain and torment.
You can survive without breathing.


Message History

You feel strangely unstable.
The orc shouts!
You hear a shout! x2; You hear a howl!
The meliai hits you with a war axe. The meliai barely misses you.
The meliai hits you but does no damage. The meliai closely misses you.
The meliai barely misses you. x2; The meliai hits you with a war axe.
The meliai stings you but does no damage.
The orc warrior hits you with a flail. The yak misses you.
You riposte.
You slice the yak!!
The yak is severely wounded.
You hear a shout!
You hear a shout!
The meliai invokes the aid of its god against you.
Something smites you! The meliai closely misses you.
You riposte.
You closely miss the meliai. The meliai barely misses you.
The meliai calls down the wrath of its god upon you.
Something smites you!
* * * LOW HITPOINT WARNING * * *
The meliai hits you with a war axe!
You die...
Xom howls with laughter!

..............h.......
.....................
................. .. .....
#.. ...Y #.. #..
#..##########..#########
#####..o..................<.
........soo@................
........Y.yy............####
........[.....########..#
........).....## .......
........†........ P.....P..
.>....(†########.P..P..P..##
......†<# .!PPPPt...#
........†......


.PPPPPP.PP# ............... .PhPPP.PP.h. You could see a yak, an orc warrior, 2
meliai, a scorpion and 2 orcs.

Vanquished Creatures
  3 two-headed ogres
  Maurice (D:8)
  A komodo dragon (D:10)
  A meliai (D:9)
  A queen bee (D:9)
  A hippogriff (shapeshifter) (D:6)
  A spriggan (D:7)
  2 wyverns (D:9)
  A redback (D:8)
  4 yaks
  Menkaure (D:6)
  A soldier ant (D:9)
  An acid dragon (shapeshifter) (D:8)
  A water moccasin (D:8)
  2 porcupines
  An orc warrior (D:6)
  5 ice beasts
  3 black bears
  A phantom (D:9)
  3 slaves
  A hornet zombie (D:6)
  4 sky beasts
  An ogre (D:4)
  A necrophage (D:9)
  4 centaurs
  8 bullfrogs
  5 big kobolds
  A wyvern zombie (D:9)
  3 scorpions
  7 wights (D:9)
  24 killer bees
  4 howler monkeys (D:8)
  5 crimson imps
  2 jellies
  10 orc wizards
  A centaur skeleton (D:4)
  2 bullfrog zombies
  7 orc priests
  A gnoll shaman (D:7)
  4 hounds
  A bullfrog skeleton (D:9)
  3 iguanas
  5 worker ants
  2 hound skeletons
  A howler monkey zombie (D:9)
  A worker ant zombie (D:9)
  9 gnolls
  10 adders
  3 shadow imps
  4 oozes
  3 adder skeletons
  2 worms
  A dart slug (D:1)
  4 leopard geckos
  30 orcs
  6 bats
  5 giant cockroaches
  2 goblins (D:1)
  6 hobgoblins
  25 jackals
  3 quokkas
  3 ball pythons
  2 frilled lizards
  58 kobolds
  A leopard gecko skeleton (D:5)
  2 quokka zombies (D:8)
  6 rats
328 creatures vanquished.

Vanquished Creatures (collateral kills)
  A hippogriff (D:8)
  A jelly (D:9)
  A kobold (D:3)
3 creatures vanquished.

Vanquished Creatures (others)
  A slave (D:7)
  An adder (D:7)
  A jackal (D:10)
  A fire vortex (D:8)
  4 fungi (D:10)
  18 plants (D:9)
  A spectral weapon (D:9)
27 creatures vanquished.

Grand Total: 358 creatures vanquished

Notes
Turn   | Place    | Note
-------+----------+-------------------------------------------
     0 | D:1      | Lavandula the Mummy Chaos Knight began the quest for the Orb.
     0 | D:1      | Reached XP level 1. HP: 18/18 MP: 1/1
    59 | D:1      | Reached XP level 2. HP: 24/24 MP: 2/2
    68 | D:1      | Reached skill level 3 in Long Blades
   143 | D:1      | XOM: harmless Necr miscast
   420 | D:1      | Reached XP level 3. HP: 29/29 MP: 3/3
   487 | D:2      | Found a sacrificial altar of Ru.
   576 | D:2      | Learned a level 2 spell: Blink
   816 | D:2      | Found a radiant altar of Vehumet.
   915 | D:3      | XOM: medium Necr miscast
   927 | D:3      | Reached skill level 4 in Long Blades
   927 | D:3      | Reached XP level 4. HP: 32/35 MP: 4/4
   981 | D:3      | Found a faded altar of an unknown god.
  1017 | D:3      | XOM: cast spell 'Ring of Flames'
  1037 | D:3      | Found an iron altar of Okawaru.
  1050 | D:3      | XOM: god gift: leather armour {god gift}
  1060 | D:3      | Found a shadowy altar of Dithmenos.
  1135 | D:3      | Noticed a big kobold
  1136 | D:3      | Noticed a big kobold
  1137 | D:3      | Noticed a big kobold
  1185 | D:3      | XOM: polymorph gnoll -> ball python
  1201 | D:3      | XOM: 7-stop teleportation journey
  1244 | D:3      | Killed a big kobold
  1244 | D:3      | Reached skill level 5 in Long Blades
  1244 | D:3      | Reached XP level 5. HP: 11/41 MP: 5/5
  1719 | D:3      | Reached XP level 6. HP: 41/47 MP: 6/6
  1865 | D:3      | Reached skill level 6 in Long Blades
  1937 | D:3      | XOM: stat loss: -1 Str (14/15)
  2116 | D:3      | Found a shattered altar of Ashenzari.
  2322 | D:3      | XOM: smoke on damage
  2329 | D:3      | XOM: polymorph kobold -> giant cockroach
  2409 | D:3      | XOM: scenery: 2 doors close
  2739 | D:3      | Learned a level 2 spell: Call Imp
  2778 | D:4      | Noticed a hippogriff
  2791 | D:3      | XOM: scenery: 2 doors close
  2836 | D:4      | XOM: confuse monster(s)
  2840 | D:4      | Reached XP level 7. HP: 52/52 MP: 7/7
  2892 | D:4      | XOM: cloud trail
  2906 | D:4      | XOM: cast spell 'Summon Small Mammal'
  2912 | D:4      | XOM: summons friendly shadow imp
  2944 | D:4      | Reached skill level 7 in Long Blades
  3080 | D:4      | XOM: enchant monster (good)
  3435 | D:4      | Found a glowing golden altar of the Shining One.
  3965 | D:4      | Found a hide-covered altar of Uskayaw.
  3973 | D:4      | XOM: scenery: create altars
  3977 | D:4      | XOM: scenery: create altars
  4141 | D:4      | Found a stormy altar of Qazlal.
  4278 | D:5      | Entered Level 5 of the Dungeon
  4331 | D:5      | XOM: god gift: book of Battle
  4346 | D:5      | Learned a level 1 spell: Infusion
  4405 | D:5      | XOM: scenery: create altars
  4427 | D:5      | XOM: god gift: runed buckler {god gift}
  4569 | D:5      | Reached skill level 1 in Charms
  4608 | D:5      | XOM: 4-stop teleportation journey
  4624 | D:5      | Reached XP level 8. HP: 55/58 MP: 4/8
  4650 | D:5      | XOM: cloud trail
  4739 | D:5      | XOM: cleaving
  4747 | D:5      | Learned a level 2 spell: Shroud of Golubria
  4751 | D:5      | Learned a level 3 spell: Spectral Weapon
  4814 | D:5      | Found a shadowy altar of Dithmenos.
  5161 | D:6      | XOM: confusion
  5170 | D:6      | XOM: harmless Tmut miscast
  5210 | D:6      | Found a blossoming altar of Fedhas.
  5210 | D:6      | XOM: 4-stop teleportation journey
  5254 | D:6      | Learned a level 3 spell: Conjure Flame
  5322 | D:6      | XOM: confuse monster(s)
  5496 | D:6      | Reached skill level 5 in Spellcasting
  5501 | D:6      | Learned a level 3 spell: Mephitic Cloud
  5637 | D:6      | Noticed Menkaure
  5643 | D:6      | Killed Menkaure
  5643 | D:6      | Reached skill level 1 in Translocations
  5913 | D:6      | Found a bloodstained altar of Trog.
  6080 | D:6      | XOM: medium Necr miscast
  6086 | D:7      | XOM: silly message
  6100 | D:7      | Reached skill level 8 in Long Blades
  6110 | D:7      | XOM: potion effect (haste)
  6131 | D:7      | Found a shadowy altar of Dithmenos.
  6140 | D:7      | Reached XP level 9. HP: 55/63 MP: 18/18
  6247 | D:7      | Noticed Pikel
  6254 | D:7      | Noticed Pikel
  6254 | D:7      | Pikel changed into Pikel the spiny frog
  6254 | D:7      | XOM: polymorph Pikel -> Pikel the spiny frog
  6260 | D:7      | XOM: destruction
  6261 | D:7      | XOM: 1-stop teleportation journey
  6296 | D:7      | XOM: blink monster(s)
  6453 | D:6      | XOM: harmless Conj miscast
  6510 | D:7      | XOM: noise
  6628 | D:6      | XOM: mild Ice miscast
  7052 | D:7      | Found a white marble altar of Elyvilon.
  7101 | D:7      | Found a staircase to the Ecumenical Temple.
  7176 | D:7      | XOM: summons 4 hostile shadow creatures
  7185 | D:7      | XOM: medium Hex miscast
  7737 | D:8      | Reached skill level 5 in Fighting
  7853 | D:8      | XOM: silly message
  7855 | D:8      | Reached skill level 1 in Conjurations
  7860 | D:8      | XOM: summons friendly ufetubus
  7863 | D:8      | XOM: harmless Chrm miscast
  7921 | D:8      | Noticed Maurice
  7931 | D:8      | XOM: harmless Summ miscast
  7981 | D:8      | Killed Maurice
  8088 | D:8      | Noticed a two-headed ogre
  8127 | D:8      | XOM: noise
  8142 | D:8      | XOM: potion effect (invisibility)
  8152 | D:8      | Noticed a death drake
  8152 | D:8      | a two-headed ogre changed into a death drake
  8154 | D:8      | a death drake changed into a redback
  8154 | D:8      | XOM: polymorph death drake -> redback
  8158 | D:8      | Reached skill level 1 in Summonings
  8357 | D:8      | Found a snail-covered altar of Cheibriados.
  8358 | D:8      | Noticed a two-headed ogre
  8377 | D:8      | Killed a two-headed ogre
  8377 | D:8      | Reached XP level 10. HP: 74/74 MP: 1/19
  8507 | D:8      | Reached skill level 1 in Hexes
  8517 | D:8      | Found a burning altar of Makhleb.
  8627 | D:8      | XOM: 2-stop teleportation journey
  8676 | D:8      | XOM: scenery: create altars
  8862 | D:8      | XOM: scenery: create altars
  9049 | D:8      | XOM: cloud trail
  9204 | D:8      | XOM: medium Hex miscast
  9492 | D:9      | Reached skill level 9 in Long Blades
  9559 | D:9      | XOM: smoke on damage
  9571 | D:9      | XOM: confuse monster(s)
  9707 | D:8      | XOM: god gift: scroll labeled XANGAM VUQI {god gift}
  9792 | D:9      | XOM: polymorph killer bee -> jelly
 10059 | D:9      | XOM: mild Pois miscast
 10098 | D:9      | XOM: summons 10 friendly demons
 10189 | D:9      | XOM: cloud trail
 10254 | D:9      | Identified a scroll of acquirement
 10257 | D:9      | Got a brightly glowing triple sword
 10259 | D:9      | Identified the +6 triple sword "Lyamev" {antimagic, *Noise +Inv Int+9} (You acquired it on level 9 of the Dungeon)
 10262 | D:9      | XOM: divination: detect creatures
 10433 | D:9      | Reached skill level 10 in Long Blades
 10466 | D:9      | Noticed a two-headed ogre
 10467 | D:9      | XOM: noise
 10777 | D:9      | Noticed a two-headed ogre
 10783 | D:9      | XOM: divination: magic mapping
 10789 | D:9      | Killed a two-headed ogre
 10846 | D:9      | Reached XP level 11. HP: 71/80 MP: 0/20
 11231 | D:9      | Found a hazy altar of Hepliaklqana.
 11305 | D:10     | Entered Level 10 of the Dungeon
 11331 | D:9      | Reached skill level 11 in Long Blades
 11502 | D:9      | XOM: god gift: 850 gold pieces
 11546 | D:9      | XOM: cast spell 'Summon Butterflies'
 11712 | D:10     | XOM: polymorph crocodile -> soldier ant
 11889 | D:9      | XOM: god gift: 18 stones
 12226 | D:9      | XOM: medium Tloc miscast
 12368 | D:9      | Killed a two-headed ogre
 12531 | D:10     | Slain by a meliai

Vault maps used:
D:1:      saegor_arrival_simple_d
D:2:      vehumet_crystals, lemuel_crystal_altar
D:3:      minmay_goblin_kobold_castle, marbit_many_paths, okawaru_gym_becter,
          chequers_ecumenical_altar_island,
          nicolae_dithmenos_through_a_glass_darkly
D:4:      tso_metal_star, kennysheep_mini_moat, nicolae_overflow_hidden_temple,
          first_bread
D:5:      lemuel_coloured_pillars_altar
D:6:      fedhas_altar_fruit_tree, lightli_temple_of_fire, uniq_menkaure
D:7:      kennysheep_little_box, minmay_temple_entry_hall, basic_altar,
          the_bakery, uniq_pikel
D:8:      overflow_temple_1_default, cheibriados_altar_1, uniq_maurice
D:9:      lemuel_crystal_altar, nicolae_looking_at_the_future
D:10:     due_lair_maze_entry_diamond, david_orc_4, enter_trove_0, uniq_sonja

Skill      XL: |  1  2  3  4  5  6  7  8  9 10 11 |
---------------+----------------------------------+-----
Long Blades    | 3 4 5 6 7 8 10 11 | 11.7
Charms         | 2 3 |  3.0
Spellcasting   | 6 |  6.1
Translocations | 2 |  2.5
Dodging        | 2 3 |  3.2
Fighting       | 5 |  5.3
Conjurations   | 4 |  4.1
Summonings     | 3 |  3.3
Hexes          | 2 |  2.0
Armour         | |  1.5

Action                   |  1- 3 |  4- 6 |  7- 9 | 10-12 || total
-------------------------+-------+-------+-------+-------++-------
Melee: Falchion          |   116 |   307 |   474 |   153 ||  1050
       Triple sword      |       |       |       |   124 ||   124
Throw: Tomahawk          |       |       |    12 |     2 ||    14
 Cast: Blink             |       |     1 |     2 |       ||     3
       Infusion          |       |       |     9 |    11 ||    20
       Shroud of Golubri |       |       |     4 |    13 ||    17
       Spectral Weapon   |       |       |     3 |     5 ||     8
       Mephitic Cloud    |       |       |    13 |     9 ||    22
Evoke: Wand              |       |       |     1 |       ||     1
  Use: Scroll            |     1 |     4 |     7 |     6 ||    18
 Stab: Paralysed         |     3 |     1 |     8 |     5 ||    17
       Confused          |       |     2 |    13 |     7 ||    22
       Petrifying        |       |       |     3 |       ||     3
       Petrified         |       |       |     3 |     4 ||     7
       Invisible         |       |       |     3 |       ||     3
       Distracted        |       |       |     1 |       ||     1
Armor: Leather armour    |    58 |   152 |   162 |   152 ||   524
Dodge: Dodged            |   101 |   209 |   207 |   228 ||   745
       Rpst.: Falchion   |    28 |    59 |    62 |    33 ||   182
       Triple sword      |       |       |       |    37 ||    37

Table legend:
 A = Spawn XP
 B = Non-spawn XP
 C = Spawn XP percentage of total XP
 D = Spawn monster count
 E = Non-spawn monster count
 F = Spawn count percentage of total count
 G = Total turns spent on level
                    A         B        C        D         E        F      G
               +---------+---------+-------+---------+---------+-------+---------
         Total |       0 |   15655 |   0.0 |       0 |     328 |   0.0 | 12531
               +---------+---------+-------+---------+---------+-------+---------
           D:1 |       0 |      43 |   0.0 |       0 |      21 |   0.0 |   487
           D:2 |       0 |      40 |   0.0 |       0 |      17 |   0.0 |   810
           D:3 |       0 |     685 |   0.0 |       0 |      82 |   0.0 |  1974
           D:4 |       0 |     474 |   0.0 |       0 |      23 |   0.0 |  1017
           D:5 |       0 |     464 |   0.0 |       0 |      16 |   0.0 |   839
           D:6 |       0 |    1218 |   0.0 |       0 |      30 |   0.0 |  1375
           D:7 |       0 |     874 |   0.0 |       0 |      21 |   0.0 |  1187
           D:8 |       0 |    3451 |   0.0 |       0 |      32 |   0.0 |  1914
           D:9 |       0 |    7189 |   0.0 |       0 |      73 |   0.0 |  2819
          D:10 |       0 |    1217 |   0.0 |       0 |      13 |   0.0 |   109
               +---------+---------+-------+---------+---------+-------+---------
